 Dungeon Crawl Stone Soup version 0.29-a0-1008-g949cc1d0fb (webtiles) character file.

Game seed: 7122880221577719003

34554 gelatine the Skirmisher (level 13, -3/91 (94) HPs)
             Began as a Demonspawn Fire Elementalist on Aug 7, 2022.
             Was a High Priest of Qazlal.
             Killed from afar by Asterion (4 damage)
             ... with a sticky flame
             ... on level 2 of the Snake Pit.
             The game lasted 01:01:47 (14569 turns).

gelatine the Skirmisher (DsFE)                     Turns: 14569, Time: 01:01:48

HP:   -3/91 (94)    AC:  9    Str:  9    XL:     13   Next: 42%
MP:   0/22          EV: 18    Int: 20    God:    Qazlal [*****.]
Gold: 707           SH:  6    Dex: 15    Spells: 22/25 levels left

rFire   + + .      SeeInvis +   e - +9 heavy crossbow "Sniper" {vorpal, Acc+∞ SInv}
rCold   + . .      Faith    .   (shield currently unavailable)
rNeg    . . .      Spirit   +   V - +0 troll leather armour
rPois   .          Reflect  .   A - +0 helmet
rElec   .          Harm     .   z - +0 cloak
rCorr   .          Rampage  .   n - +0 pair of gloves
Will    +....                   j - +1 pair of boots
Stlth   +.........              S - amulet of guardian spirit
HPRegen 1.05/turn               p - ring "Raggill" {rF+ rC+ Will+}
MPRegen 0.18/turn               P - +4 ring of evasion

@: lethally poisoned (-3 -> -33), on fire, protected from fire, glowing, lightly
drained, repel missiles
A: powered by death 1, sturdy frame 2, condensation shield, weakness stinger 2
a: Renounce Religion, Upheaval, Elemental Force, Disaster Area


You were on level 2 of the Snake Pit.
You worshipped Qazlal.
Qazlal was extremely pleased with you.
You visited 3 branches of the dungeon, and saw 16 of its levels.
You also visited: Ossuary.

You collected 837 gold pieces.
You spent 130 gold pieces at shops.

Inventory:

Hand Weapons
 e - the +9 heavy crossbow "Sniper" (weapon) {vorpal, Acc+∞ SInv}
   (You acquired it on level 3 of the Dungeon)

   Any ammunition fired from it inflicts extra damage upon your enemies.
   Any ammunition fired from it never misses its target.
   SInv:      It lets you see invisible.
 g - a +2 dagger of protection
 y - a +3 quarterstaff of chaos
Missiles
 m - 5 curare-tipped darts
 u - 2 boomerangs of dispersal
 B - an atropa-tipped dart
 J - 30 poisoned darts
 K - 3 throwing nets
Armour
 j - a +1 pair of boots (worn)
 n - a +0 pair of gloves (worn)
 z - a +0 cloak (worn)
 A - a +0 helmet (worn)
 V - a +0 troll leather armour (worn)
 W - a +2 ring mail of willpower
 X - the +7 chain mail of the Moon {Int+5}
   (You found it on level 9 of the Dungeon)

   Int:       It affects your intelligence (+5).
Magical Staves
 r - a staff of conjuration
Jewellery
 b - a ring of protection from cold
 k - a +4 ring of evasion
 p - the ring "Raggill" (left hand) {rF+ rC+ Will+}
   (You found it on level 1 of the Lair of Beasts)

   [ring of protection from cold]

   rF:        It protects you from fire.
   rC:        It protects you from cold.
   Will:      It increases your willpower.
 w - a ring of positive energy
 O - a ring of fire
 P - a +4 ring of evasion (right hand)
 S - an amulet of guardian spirit (around neck)
 T - a ring of flight
Wands
 C - a wand of flame (40)
 M - a wand of paralysis (10)
 Q - a wand of iceblast (7)
 R - a wand of polymorph (13)
 U - a wand of mindburst (7)
Scrolls
 c - 4 scrolls of enchant weapon
 d - 2 scrolls of fog
 h - a scroll of summoning
 D - a scroll of silence
 F - a scroll of immolation
 G - 3 scrolls of amnesia
 L - 3 scrolls of vulnerability
 N - a scroll of identify
 Y - 2 scrolls of magic mapping
 Z - 2 scrolls of teleportation
Potions
 a - 3 potions of lignification
 f - a potion of berserk rage
 i - 3 potions of flight
 l - 5 potions of might
 o - 3 potions of brilliance
 q - 11 potions of curing
 s - a potion of attraction
 t - 6 potions of mutation
 v - 3 potions of haste
 x - 3 potions of heal wounds
 E - a potion of cancellation
 H - 3 potions of resistance
 I - a potion of invisibility


   Skills:
 + Level 6.3 Fighting
 + Level 1.0 Short Blades
 * Level 14.9 Ranged Weapons
 + Level 1.5 Armour
 + Level 5.3 Dodging
 + Level 3.3 Stealth
 + Level 4.3 Shields
 + Level 6.6 Spellcasting
 + Level 4.5 Conjurations
 + Level 6.2 Fire Magic
 + Level 9.0 Invocations
 + Level 3.6 Evocations


You had 22 spell levels left.
You knew the following spells:

 Your Spells              Type           Power      Damage    Failure   Level
a - Foxfire               Conj/Fire      100%       2x1d9     1%          1
b - Scorch                Fire           62%        2d8       1%          2

Your spell library contained the following spells:

 Spells                   Type           Power      Damage    Failure   Level
 Magic Dart               Conj           100%       1d8       1%          1
 Conjure Flame            Conj/Fire      28%        6-21      3%          3
 Inner Flame              Hex/Fire       19%        N/A       9%          3
 Sandblast                Erth           12%        2d6       10%         1
 Flame Wave               Conj/Fire      28%        2d9       11%         4
 Sticky Flame             Conj/Fire      28%        2d5       11%         4
 Stone Arrow              Conj/Erth      30%        3d8       12%         3
 Ignite Poison            Fire/Tmut/Pois 14%        N/A       13%         3
 Call Imp                 Summ           6%         N/A       16%         2
 Passwall                 Tmut/Erth      5%         N/A       16%         2
 Mephitic Cloud           Conj/Pois/Air  12%        N/A       16%         3
 Confusing Touch          Hex            6%         N/A       30%         3
 Frozen Ramparts          Ice            12%        1d2       30%         3
 Ice Form                 Ice/Tmut       6%         N/A       69%         4
 Summon Ice Beast         Ice/Summ       6%         N/A       69%         4
 Yara's Violent Unravell  Hex/Tmut       3%         3d4       95%         5
 Enfeeble                 Hex            3%         N/A       100%        7


Dungeon Overview and Level Annotations

Branches:
Dungeon (11/15)            Temple (0/1) D:6            Lair (3/5) D:11
  Snake (2/4) Lair:2      Ossuary (visited)
  Swamp: Lair:2-3    Shoals: Lair:2-3       Orc: D:9-12

Altars:
Ashenzari
Cheibriados
Dithmenos
Kikubaaqudgha
Nemelex Xobeh
Qazlal
Trog
Wu Jian

Shops:
D:1 (   D:5 (   D:9 [   D:10 !

Annotations:
D:9 1 transporter
Snake:1 1 runed translucent door
Snake:2 Asterion


Innate Abilities, Weirdness & Mutations

You regenerate a little health from kills.
Your movements are less encumbered by armour. (ER -4)
A meltable shield of frost defends you. (SH +0)
You have a tail ending in a sharp stinger.


Message History

You shoot a bolt.
The bolt hits Asterion but does no damage.
Asterion is almost dead.
You block Asterion's attack. Asterion gores you.
Asterion hits you with a +6 demon whip of venom!
You are poisoned.
Asterion gores you!
Casting: Scorch (safe; 1% risk of failure)
Confirm with . or Enter, or press ? or * to list all spells.
Flames lash Asterion.
Asterion is almost dead.
Asterion's fire resistance burns away.
You feel very sick.
Asterion drinks a potion.
Asterion is healed!
Asterion hits you with a +6 demon whip of venom!
You are more poisoned.
You block Asterion's attack.
Casting: Scorch (safe; 1% risk of failure)
Confirm with . or Enter, or press ? or * to list all spells.
Flames lash Asterion.
Asterion is burned terribly!
Asterion is almost dead.
You feel extremely sick. Asterion closely misses you. Asterion gores you.
Casting: Scorch (safe; 1% risk of failure)
Confirm with . or Enter, or press ? or * to list all spells.
Flames lash Asterion.
Asterion is burned terribly!
Asterion is almost dead.
You feel very sick.
Asterion hits you with a +6 demon whip of venom!!
* * * LOW HITPOINT WARNING * * *
You are more poisoned.
Asterion gores you.
* * * LOW HITPOINT WARNING * * *
Asterion conjures a destructive force in the name of Makhleb!
The sticky flame hits you.
Your condensation shield dissipates!
You resist.
You are covered in liquid flames!
You feel protected from fire.
You die...

# #. ... .... .. #.
..... #..###.#. ####.
###........## #. #..
..##....# #.
##.###.##.##.#####.
'#####.§§##.##.#......#.
....).[@§....#.#......#.
.....§H...#...........##
..^....☼..#....#........
.........###..##........
........## #..###.....##
###..##.# #..###'######
#.. #.# #..#........#
#.. #.# #..#........#
#..#........#


You could see Asterion (fast, combustible).

Vanquished Creatures
  The ghost of gdog the Covert, a journeyman GnDe of Gozag (D:9)
  A two-headed ogre (D:11)
  3 anacondas (Snake:1)
  A naga warrior (Snake:1)
  A naga sharpshooter (Snake:1)
  A shock serpent (Snake:1)
  Sonja (Lair:2)
  A salamander mystic (Snake:2)
  A naga ritualist (Snake:1)
  5 mana vipers
  An oklob plant (D:11)
  An ugly thing (D:11)
  2 salamanders
  A cyclops (D:11)
  2 elephants (Lair:2)
  9 black mambas (Snake:1)
  9 centaur zombies (D:11)
  5 naga magi
  A gargoyle (D:11)
  2 cane toads (Lair:1)
  An unseen horror (D:11)
  2 komodo dragons
  A rime drake (Lair:2)
  2 trolls
  Grinder (D:5)
  3 blink frogs (Lair:1)
  Prince Ribbit (D:8)
  6 slime creatures (D:11)
  Sigmund (D:3)
  6 wraiths (D:11)
  3 vampires (D:11)
  5 shadows
  2 wyverns
  2 basilisks
  14 yaks
  Eustachio (D:5)
  A steam dragon (D:6)
  4 vampire mosquitoes (D:10)
  Menkaure (D:5)
  Edmund (D:4)
  4 water moccasins
  Duvessa (D:5)
  14 nagas
  2 ice beasts
  An orc warrior (D:9)
  2 black bears
  An ogre (D:5)
  6 centaurs
  4 kobold brigands
  2 phantoms
  Blork the orc (D:5)
  A gnoll sergeant (D:4)
  3 necrophages
  3 scorpions
  4 wights (D:10)
  Dowan (D:5)
  4 killer bees (D:10)
  An electric eel (Lair:1)
  A howler monkey (D:9)
  2 hounds
  Crazy Yiuf (D:3)
  3 gnoll boudas
  3 orc priests
  A jelly (D:4)
  3 iguanas (D:5)
  14 orc wizards
  Terence (D:2)
  12 mummies (Ossuary)
  14 adders
  25 gnolls
  A shadow imp (D:6)
  2 white imps
  3 worms
  6 dart slugs
  48 orcs
  2 endoplasms
  5 giant cockroaches
  10 goblins
  12 hobgoblins
  12 jackals
  2 quokkas
  3 training dummies (D:5)
  8 ball pythons
  4 bats
  6 frilled lizards
  5 gnoll skeletons (Ossuary)
  2 goblin skeletons (Ossuary)
  21 kobolds
  An orc skeleton (Ossuary)
  6 rats
  11 rat skeletons (Ossuary)
412 creatures vanquished.

Vanquished Creatures (collateral kills)
  A troll (D:11)
  A wraith (D:11)
  2 orcs (D:5)
4 creatures vanquished.

Vanquished Creatures (others)
  An orc (D:5)
  376 foxfires
  A fungus (Lair:2)
  4 plants
  5 withered plants (D:11)
387 creatures vanquished.

Grand Total: 803 creatures vanquished

Notes
Turn   | Place    | Note
-------+----------+-------------------------------------------
     0 | D:1      | gelatine the Demonspawn Fire Elementalist began the quest
                  | for the Orb.
     0 | D:1      | Reached XP level 1. HP: 13/13 MP: 3/3
   323 | D:1      | Gained mutation: You regenerate a little health from kills.
                  | [demonic ancestry]
   323 | D:1      | Reached XP level 2. HP: 19/19 MP: 3/5
   543 | D:1      | Found Xobbausosk's Weapon Boutique.
   849 | D:1      | Found a faded altar of an unknown god.
  1172 | D:2      | Gained mutation: A meltable shield of frost defends you.
                  | (SH +0) [demonic ancestry]
  1172 | D:2      | Reached XP level 3. HP: 24/24 MP: 2/6
  1291 | D:2      | Reached XP level 4. HP: 23/31 MP: 1/7
  2255 | D:2      | Noticed Terence
  2263 | D:2      | Killed Terence
  2268 | D:2      | Learned a level 2 spell: Scorch
  2350 | D:2      | Reached XP level 5. HP: 36/36 MP: 6/9
  2393 | D:3      | Identified 3 scrolls of acquirement
  2393 | D:3      | Acquired a staff of conjuration
  2395 | D:3      | Acquired the +9 heavy crossbow "Sniper" {vorpal, Acc+∞
                  | SInv}
  2395 | D:3      | Found the +9 heavy crossbow "Sniper" {vorpal, Acc+∞ SInv}
  2396 | D:3      | Acquired an Everburning Encyclopedia
  2649 | D:3      | Noticed Sigmund
  2651 | D:3      | Killed Sigmund
  2652 | D:3      | Reached skill level 1 in Ranged Weapons
  2652 | D:3      | Reached XP level 6. HP: 39/42 MP: 11/11
  3286 | D:3      | Found a runed translucent door.
  3287 | D:3      | Noticed Crazy Yiuf
  3326 | D:3      | Found a sparkling altar of Nemelex Xobeh.
  3455 | D:3      | Killed Crazy Yiuf
  3456 | D:3      | Reached skill level 2 in Ranged Weapons
  3636 | D:4      | Gained mutation: Your movements are slightly less
                  | encumbered by armour. (ER -2) [demonic ancestry]
  3636 | D:4      | Reached XP level 7. HP: 47/47 MP: 13/13
  3661 | D:4      | Reached skill level 1 in Evocations
  3663 | D:4      | Found a stormy altar of Qazlal.
  3680 | D:4      | Became a worshipper of Qazlal Stormbringer
  3784 | D:4      | Noticed Edmund
  3787 | D:4      | Killed Edmund
  3788 | D:4      | Reached skill level 1 in Fighting
  3788 | D:4      | Reached skill level 3 in Ranged Weapons
  4065 | D:4      | Found a snail-covered altar of Cheibriados.
  4177 | D:4      | Reached skill level 4 in Ranged Weapons
  4305 | D:4      | Gained mutation: Your movements are less encumbered by
                  | armour. (ER -4) [demonic ancestry]
  4305 | D:4      | Reached XP level 8. HP: 53/54 MP: 7/14
  4501 | D:5      | Entered Level 5 of the Dungeon
  4678 | D:5      | Noticed Blork the orc
  4680 | D:5      | Noticed Grinder
  4682 | D:5      | Reached * piety under Qazlal
  4690 | D:5      | Killed Blork the orc
  4691 | D:5      | Killed Grinder
  4695 | D:5      | Reached skill level 5 in Ranged Weapons
  4988 | D:5      | Reached skill level 1 in Shields
  4999 | D:5      | Noticed Duvessa
  4999 | D:5      | Noticed Dowan
  5001 | D:5      | Killed Duvessa
  5002 | D:5      | Reached skill level 6 in Ranged Weapons
  5002 | D:5      | Killed Dowan
  5011 | D:5      | Gained mutation: You have a small tail. [demonic ancestry]
  5011 | D:5      | Reached XP level 9. HP: 56/61 MP: 16/16
  5039 | D:5      | Found a sand-covered staircase.
  5047 | Ossuary  | Entered an ossuary
  5128 | Ossuary  | Reached ** piety under Qazlal
  5613 | D:5      | Noticed Menkaure
  5615 | D:5      | Killed Menkaure
  5616 | D:5      | Reached skill level 5 in Spellcasting
  5658 | D:5      | Noticed Eustachio
  5660 | D:5      | Killed Eustachio
  5706 | D:5      | Found Founass's Firing Range.
  5863 | D:6      | Reached skill level 7 in Ranged Weapons
  5949 | D:6      | Found a staircase to the Ecumenical Temple.
  6031 | D:6      | Reached *** piety under Qazlal
  6110 | D:6      | Reached skill level 8 in Ranged Weapons
  6958 | D:7      | Identified the +7 falchion "Meegir" {holy, rF- Int+5}
  7131 | D:8      | Found a broken altar of Ashenzari.
  7131 | D:8      | Found a shadowy altar of Dithmenos.
  7467 | D:8      | Noticed Prince Ribbit
  7469 | D:8      | Reached XP level 10. HP: 68/68 MP: 17/17
  7471 | D:8      | Killed Prince Ribbit
  7472 | D:8      | Reached skill level 9 in Ranged Weapons
  7480 | D:8      | Reached skill level 5 in Fire Magic
  7554 | D:8      | Found an ancient bone altar of Kikubaaqudgha.
  7606 | D:8      | Found a flagged portal.
  8359 | D:9      | Found Arodoj's Armour Boutique.
  8414 | D:9      | Noticed a red ugly thing
  8415 | D:9      | Noticed gdog's ghost (journeyman GnDe)
  8420 | D:9      | Found a transporter.
  8421 | D:9      | Identified the +7 chain mail of the Moon {Int+5}
  8441 | D:9      | Noticed a two-headed ogre
  8531 | D:9      | Found a transporter.
  8668 | D:9      | Reached skill level 1 in Armour
  8823 | D:9      | Reached **** piety under Qazlal
  9448 | D:9      | Killed gdog's ghost
  9449 | D:9      | Reached skill level 10 in Ranged Weapons
  9449 | D:9      | Reached skill level 1 in Invocations
  9781 | D:10     | Entered Level 10 of the Dungeon
  9887 | D:10     | Found Titeus's Distillery.
  9895 | D:10     | Bought 2 potions of heal wounds for 130 gold pieces
  9984 | D:10     | Found an ornate altar of the Wu Jian Council.
 10033 | D:10     | Reached XP level 11. HP: 75/75 MP: 19/19
 10269 | D:10     | Found a bloodstained altar of Trog.
 10554 | D:11     | Reached skill level 11 in Ranged Weapons
 10873 | D:11     | Noticed a red ugly thing
 10879 | D:11     | Killed a red ugly thing
 10880 | D:11     | Reached skill level 1 in Short Blades
 10890 | D:11     | Reached skill level 5 in Invocations
 10901 | D:11     | Noticed a two-headed ogre
 10905 | D:11     | Killed a two-headed ogre
 11111 | D:11     | Noticed an oklob plant
 11141 | D:11     | Found a staircase to the Lair.
 11186 | D:11     | Reached skill level 12 in Ranged Weapons
 11440 | D:11     | Reached XP level 12. HP: 85/85 MP: 21/21
 11599 | D:11     | Reached skill level 5 in Fighting
 11821 | Lair:1   | Entered Level 1 of the Lair of Beasts
 11894 | Lair:1   | Identified the ring "Raggill" {rF+ rC+ Will+}
 12684 | Lair:2   | Found a staircase to the Snake Pit.
 12709 | Lair:2   | Reached skill level 13 in Ranged Weapons
 13017 | Lair:2   | Noticed Sonja
 13018 | Lair:2   | Killed Sonja
 13498 | Snake:1  | Entered Level 1 of the Snake Pit
 13515 | Snake:1  | Noticed an anaconda
 13520 | Snake:1  | Killed an anaconda
 13572 | Snake:1  | Reached skill level 5 in Dodging
 13700 | Snake:1  | Noticed a naga warrior
 13703 | Snake:1  | Killed a naga warrior
 13704 | Snake:1  | Reached skill level 14 in Ranged Weapons
 13715 | Snake:1  | Gained mutation: You have a tail ending in a sharp stinger.
                  | [demonic ancestry]
 13715 | Snake:1  | Reached XP level 13. HP: 86/93 MP: 19/22
 13788 | Snake:1  | Reached ***** piety under Qazlal
 14019 | Snake:1  | Noticed a green death
 14021 | Snake:1  | Noticed a green death
 14224 | Snake:1  | Found a runed translucent door.
 14561 | Snake:2  | Noticed Asterion
 14569 | Snake:2  | HP: 1/91 [Asterion/+6 demon whip of venom (4)]
 14569 | Snake:2  | Killed from afar by Asterion

Illustrated notes

Levels and vault maps discovered:
D:1:      saegor_arrival_simple_b, layout_basic, serial_shops, shop,
          ebering_ecumenical_altar_webs
D:2:      layout_basic, chequers_garden, minmay_pentomino_s2, uniq_terence
D:3:      layout_loops_ring, mainiacjoe_overflow_alcove_1, minmay_pentangle,
          uniq_crazy_yiuf_cottage, uniq_sigmund
D:4:      layout_gridville, nicolae_qazlal_scattered_showers,
          cheibriados_altar_1, fountainhead, uniq_edmund
D:5:      layout_basic, chequers_ossuary_entry_cave, minmay_strange_pillars,
          dk_noncrumbling_4, nicolae_shop_firing_range, uniq_duvessa,
          uniq_eustachio, uniq_menkaure, uniq_blork_the_orc, uniq_grinder
D:6:      layout_rooms, temple_pool_b, minmay_quadrilaterals
D:7:      layout_basic
D:8:      layout_cave_pods, marbit_many_paths,
          gammafunk_temple_overflow_elements, enter_bailey_8,
          uniq_prince_ribbit1
D:9:      layout_roguey, serial_shops, nicolae_diamond_shop, nzn_ghost_randoct
D:10:     layout_long_grid, gammafunk_temple_overflow_statue, trog_book,
          serial_shops, shop
D:11:     layout_small_grid, dpeg_oklobed_lair, serial_undead, serial_undead_c,
          serial_undead_c, serial_undead_e, serial_undead_e, serial_undead_a,
          serial_undead_b, st_stairs_6
Lair:1:   layout_cave_pods, serial_bayou_lagoon_a,
          chequers_serial_rivers_micro_b, lemuel_fruit_tree
Lair:2:   layout_long_grid, dummy_snake_entry, uniq_sonja
Lair:3:   layout_loops_ring, minmay_swamp_entry_swarm, grunt_forest_stairs_basic
Snake:1:  cheibrodos_toxic_ritual, layout_chambers, serial_bayou_crossing
Snake:2:  gammafunk_sealed_arena, layout_gridlike, serial_shops,
          nicolae_shop_behind_doors, nicolae_alphabet_shops,
          nicolae_shop_gadgets, serial_bayou_shore_a, uniq_asterion

Skill      XL: |  1  2  3  4  5  6  7  8  9 10 11 12 13 |
---------------+----------------------------------------+-----
Fire Magic     | 3 4 5 6 |  6.2
Stealth        | 2 3 |  3.3
Dodging        | 2 3 4 5 |  5.3
Conjurations   | 2 3 4 |  4.5
Spellcasting   | 3 4 5 6 |  6.6
Ranged Weapons | 1 2 4 6 8 10 12 14 | 14.9
Evocations     | 2 3 |  3.6
Fighting       | 1 2 3 4 5 6 |  6.3
Shields        | 1 2 3 4 |  4.3
Armour         | 1 |  1.5
Invocations    | 3 6 8 9 |  9.0
Short Blades   | 1 |  1.0

Action                   |  1- 3 |  4- 6 |  7- 9 | 10-12 | 13-15 || total
-------------------------+-------+-------+-------+-------+-------++-------
Melee: Dagger            |    46 |     4 |       |     1 |       ||    51
       Heavy crossbow    |       |       |       |     2 |       ||     2
 Fire: Heavy crossbow    |       |    36 |   168 |   268 |    59 ||   531
 Cast: Foxfire           |    50 |    83 |    70 |    25 |       ||   228
       Scorch            |       |       |    16 |    33 |    11 ||    60
Invok: Upheaval          |       |       |       |     4 |       ||     4
       Elemental Force   |       |       |       |     2 |       ||     2
  Use: Scroll            |       |     3 |    10 |    13 |       ||    26
       Potion            |       |       |     2 |     9 |     1 ||    12
Armor: Robe              |    27 |     3 |     4 |       |       ||    34
       Ring mail         |       |       |    57 |    29 |       ||    86
       Troll leather arm |       |       |       |    61 |     2 ||    63
Dodge: Dodged            |    43 |    24 |    74 |   272 |    38 ||   451
       Repelled          |       |       |       |     6 |     3 ||     9
Block: Other             |     8 |     3 |    50 |   158 |    21 ||   240

Table legend: (Time is in decaauts)
 A = Elapsed time spent in this place.
 B = Non-inter-level travel time spent in this place.
 C = Inter-level travel time spent in this place.
 D = Time resting spent in this place.
 E = Time spent auto-exploring this place.
 F = Levels seen in this place.
 G = Mean time per level.
                   A        B        C        D        E       F      G
               +--------+--------+--------+--------+--------+-----+--------+
         Total |  15263 |  14182 |   1081 |    260 |  10672 |  17 |  897.8 |
       Dungeon |  11949 |  10974 |    975 |    178 |   8309 |  11 | 1086.3 |
          Lair |   1726 |   1651 |     75 |     16 |   1432 |   3 |  575.3 |
     Snake Pit |   1178 |   1147 |     31 |     66 |    750 |   2 |  589.0 |
       Ossuary |    409 |    409 |      0 |      0 |    180 |   1 |  409.0 |
               +--------+--------+--------+--------+--------+-----+--------+

Top non-repeatable levels by time:
     D:9: 1487 daAuts
    D:11: 1439 daAuts
     D:8: 1349 daAuts
     D:4: 1240 daAuts
     D:2: 1221 daAuts
     D:1: 1166 daAuts
     D:3: 1142 daAuts
  Lair:2: 875 daAuts
     D:5: 849 daAuts
  Lair:1: 849 daAuts
 Snake:1: 846 daAuts
    D:10: 782 daAuts
     D:7: 659 daAuts
     D:6: 610 daAuts
 Ossuary: 409 daAuts
